AoeStats
← Marta

Arabian Desert

510260827Analyzed
1v1 RM · 3d ago on Sep 30, 2026· 20m 29s· 2 players
Game mode
Random Map
Map size
Tiny (2 player)
Population
200
Speed
Normal
Resources
Standard
Victory
Conquest
Starting age
Dark Age
Ending age
Imperial Age
RankedLock teamsTeams togetherTeam positionsShared explorationLock speedFull tech treeHidden civsTurbo modeCheats
Victory
Defeat
🇲🇽 Varangians · Mexico
1569
+13
🇦🇷 Magyars · Argentina
1495
-13
TheAlex
6:09 Loom
8:46 Feudal Age
9:18 Double-Bit Axe
9:34 Man-at-Arms
17:50 Wheelbarrow
18:39 Scale Barding Armor
Marta
5:48 Loom
9:17 Feudal Age
9:53 Double-Bit Axe
10:29 Town Watch
Connection lost

Rejoining the realm…

Still unreachable

The connection could not be restored.

Session expired

The server has moved on; the page needs a fresh start.